 Dungeon Crawl Stone Soup version 0.30.0-5-g1a98f26d00 (webtiles) character file.

Game seed: 10378341371418519903

430 NinjaNoafa the Firebug (level 6, -1/32 HPs)
             Began as a Vine Stalker Fire Elementalist on May 11, 2023.
             Slain by Pikel
             ... wielding a +0 whip of flaming
              (2 damage)
             ... on level 3 of the Dungeon.
             The game lasted 00:06:36 (2542 turns).

NinjaNoafa the Firebug (VSFE)                       Turns: 2542, Time: 00:06:37

Health: -1/32      AC:  5    Str: 11    XL:     6   Next: 99%
Magic:  0/10       EV: 12    Int: 15    God:
Gold:   146        SH:  5    Dex: 16    Spells: 9/10 levels left

rFire   . . .        i - +0 short sword
rCold   . . .        c - +0 buckler
rNeg    . . .        q - +1 leather armour of Integrity {Slay+2}
rPois   .            (no helmet)
rElec   .            (no cloak)
rCorr   .            (no gloves)
SInv    .            k - +0 pair of boots
Will    .....        (no amulet)
Stlth   ++           (no ring)
HPRegen 1.05/turn    (no ring)
MPRegen 0.12/turn

%: guardian spirit
@: flying
A: fangs 2, regeneration 1, magic shield, antimagic bite, no potion heal 2
a: no special abilities


You were on level 3 of the Dungeon.
You visited 1 branch of the dungeon, and saw 4 of its levels.

You collected 146 gold pieces.

Inventory:

Hand Weapons
 i - a +0 short sword (weapon)
Missiles
 o - 3 poisoned darts
Armour
 c - a +0 buckler (worn)
 k - a +0 pair of boots (worn)
 q - the +1 leather armour of Integrity (worn) {Slay+2}
   (You found it on level 3 of the Dungeon)

   Slay:      It affects your accuracy & damage with ranged weapons and melee
   (+2).
Scrolls
 d - a scroll of enchant armour {unknown}
 e - 2 scrolls of blinking
 n - 2 scrolls of fog
 p - 2 scrolls of amnesia {unknown}
Potions
 a - a potion of resistance
 b - a potion of magic
 h - 4 potions of flight
 j - a potion of haste {unknown}
 l - 2 potions of brilliance
 m - a potion of invisibility {unknown}
 r - 3 potions of curing


   Skills:
 + Level 2.8 Fighting
 + Level 2.6 Short Blades
 + Level 3.0 Dodging
 - Level 2.4 Stealth
 + Level 2.6 Shields
 - Level 2.5 Spellcasting
 - Level 1.5 Conjurations
 - Level 3.2 Fire Magic


You had 9 spell levels left.
You knew the following spells:

 Your Spells              Type           Power      Damage    Failure   Level
a - Foxfire               Conj/Fire      36%        2x1d5     16%         1

Your spell library contained the following spells:

 Spells                   Type           Power      Damage    Failure   Level
 Scorch                   Fire           22%        2d5       16%         2
 Apportation              Tloc           2%         N/A       38%         1
 Necrotise                Necr           4%         1d4       38%         1
 Summon Small Mammal      Summ           4%         N/A       38%         1
 Inner Flame              Hex/Fire       6%         N/A       52%         3
 Volatile Blastmotes      Fire/Tloc      12%        2d11      52%         3
 Gell's Gravitas          Tloc           1%         N/A       77%         3
 Teleport Other           Tloc           1%         N/A       77%         3
 Flame Wave               Conj/Fire      9%         2d6       83%         4
 Dispersal                Tloc           0%         N/A       100%        6


Dungeon Overview and Level Annotations

Branches:
Dungeon (4/15) Zot: 21459
 Temple: D:4-7

Altars:
Makhleb
Vehumet

Annotations:
D:3 Pikel
D:4 Blork the orc


Innate Abilities, Weirdness & Mutations

You have extremely sharp teeth.
Your natural rate of healing is unusually fast.
When hurt, damage is shared between your health and your magic reserves.
Your bite disrupts and absorbs the magic of your enemies.
Potions cannot restore your health.


Message History

* * * LOW HITPOINT WARNING * * *
Unknown command.
The foxfire hits Pikel but does no damage.
Pikel is heavily wounded.
The foxfire hits Pikel.
Pikel is severely wounded.
It was a potion of flight.
You feel very buoyant.
You fly up into the air.
Pikel misses you.
Okay, then.
You hit Pikel.
Pikel is severely wounded.
Pikel says, "You'll rot in Tartarus!"
You block Pikel's attack.
You hit Pikel. You bite Pikel, but do no damage.
Pikel is almost dead.
You barely miss Pikel.
Pikel is almost dead.
Pikel says, "I touched Geryon's horn once."
Pikel barely misses you.
You hit Pikel. You bite Pikel, but do no damage.
Pikel is almost dead.
Pikel hits you with a +0 whip of flaming.
* * * LOW HITPOINT WARNING * * *
Pikel burns you.
Unknown command.
Unknown command.
You hit Pikel. You bite Pikel. You drain his power.
You feel invigorated.
Pikel is almost dead.
Pikel hits you with a +0 whip of flaming.
* * * LOW HITPOINT WARNING * * *
Pikel burns you.
* * * LOW HITPOINT WARNING * * *
Unknown command.
You barely miss Pikel. Your bite misses Pikel.
Pikel is almost dead.
Pikel hits you with a +0 whip of flaming.
* * * LOW HITPOINT WARNING * * *
Pikel burns you.
You die...

.# # .# ############ ##♣
.### ##..........## ###~~
...# ##....÷.......##
#..~~ .#.#
#.............<# #.♣♣~
.#.# #..............#
##.♣~~
##.#######..............#
#..~~≈
##........<......>......#
##..~~≈
.....#####......@K......#
#..♣~~≈
####.##................##
#.~~≈~≈ #
#.#..####..........##
#.♣~~~~ # #.#.##
############ #.♣~P≈P
#.#.# #.♣~~~~ ####...#
#.♣~P~P ......|# #.♣P~~~
#####..##### ##..♣♣~P
#......#### #...###♣


You could see Pikel.

Vanquished Creatures
  An ogre (D:4)
  A centaur (D:3)
  A phantom (D:4)
  A crimson imp (D:4)
  A sleepcap (D:4)
  Natasha (twice) (D:4)
  2 adders
  A white imp (D:4)
  A worm (D:4)
  A dart slug (D:1)
  An orc (D:3)
  3 ball pythons
  7 bats
  4 endoplasms
  5 giant cockroaches
  10 goblins
  4 hobgoblins
  3 kobolds
  3 quokkas
  4 frilled lizards
  2 rats
58 creatures vanquished.

Vanquished Creatures (collateral kills)
  2 foxfires (D:4)
2 creatures vanquished.

Vanquished Creatures (others)
  146 foxfires
146 creatures vanquished.

Grand Total: 206 creatures vanquished

Notes
Turn   | Place    | Note
-------+----------+-------------------------------------------
     0 | D:1      | NinjaNoafa the Vine Stalker Fire Elementalist began the
                  | quest for the Orb.
     0 | D:1      | Reached XP level 1. HP: 9/9 MP: 4/4
    50 | D:1      | Reached XP level 2. HP: 8/14 MP: 1/6
   552 | D:1      | Reached XP level 3. HP: 17/17 MP: 7/7
   766 | D:2      | You fall into a shaft and drop 1 floor!
   779 | D:3      | Reached skill level 1 in Fighting
  1326 | D:3      | Gained mutation: Your natural rate of healing is unusually
                  | fast. [Vine Stalker growth]
  1326 | D:3      | Reached XP level 4. HP: 22/22 MP: 5/8
  1366 | D:3      | Identified the +0 ring mail of Cheibriados's Envy {Int+4}
  1374 | D:3      | Noticed a centaur
  1386 | D:3      | Killed a centaur
  1387 | D:3      | Reached skill level 1 in Short Blades
  1387 | D:3      | Reached skill level 1 in Shields
  1387 | D:3      | Reached XP level 5. HP: 12/26 MP: 3/9
  1550 | D:3      | Identified the +1 leather armour of Integrity {Slay+2}
  1861 | D:4      | Noticed a phantom
  1868 | D:4      | Killed a phantom
  1930 | D:4      | Reached XP level 6. HP: 28/31 MP: 5/10
  1999 | D:4      | Noticed Natasha
  2005 | D:4      | Killed Natasha
  2125 | D:4      | Found a radiant altar of Vehumet.
  2126 | D:4      | Found a burning altar of Makhleb.
  2334 | D:4      | Noticed Natasha
  2347 | D:4      | Noticed Blork the orc
  2421 | D:4      | Killed Natasha
  2509 | D:4      | Noticed Pikel
  2542 | D:3      | HP: 1/32 [Pikel/+0 whip of flaming (4)]
  2542 | D:3      | Slain by Pikel

Illustrated notes

Levels and vault maps discovered:
D:1:      minmay_arrival_three_doors, layout_basic
D:2:      layout_rooms, minmay_cupped
D:3:      layout_rooms, wad_floor_pattern_untrapped, serial_bayou_ford_a
D:4:      layout_gridville, grunt_temple_overflow_lords_of_destruction,
          serial_demonic, serial_demonic_b, serial_demonic_g, serial_demonic_d,
          serial_demonic_c, uniq_blork_the_orc, uniq_natasha, uniq_pikel,
          uniq_eustachio, uniq_crazy_yiuf_cottage

Skill      XL: |  1  2  3  4  5  6 |
---------------+-------------------+-----
Fighting       | 1 2 |  2.8
Short Blades   | 1 2 |  2.6
Dodging        | 2 3 |  3.0
Shields        | 1 2 |  2.6
Stealth        | |  2.4
Spellcasting   | |  2.5
Conjurations   | |  1.5
Fire Magic     | |  3.2

Action                     |  1- 3 |  4- 6 || total
---------------------------+-------+-------++-------
  Melee: Dagger            |     9 |       ||     9
         Bite              |    23 |    24 ||    47
         Short sword       |    69 |    61 ||   130
   Cast: Foxfire           |    25 |    65 ||    90
    Use: Scroll            |       |     7 ||     7
         Potion            |       |     1 ||     1
   Stab: Sleeping          |     2 |       ||     2
 Armour: Robe              |    24 |     1 ||    25
         Leather armour    |       |    12 ||    12
  Dodge: Dodged            |    68 |    42 ||   110
  Block: Buckler           |    16 |    10 ||    26
